 Dungeon Crawl Stone Soup version 0.21.1-72-gffa868e (webtiles) character file.

326 Madoushi the Shield-Bearer (level 6, -4/38 HPs)
             Began as a Gargoyle Fighter on Aug 4, 2018.
             Killed by divine providence
             ... invoked by an orc priest
              (9 damage)
             ... on level 4 of the Dungeon.
             The game lasted 00:09:57 (3581 turns).

Madoushi the Shield-Bearer (Gargoyle Fighter)       Turns: 3581, Time: 00:09:58

Health: -4/38      AC: 14    Str: 24    XL:     6   Next: 49%
Magic:  6/6        EV:  8    Int:  9    God:
Gold:   150        SH: 10    Dex:  9    Spells: 5/5 levels left

rFire    . . .     SeeInvis .   a - +0 flail
rCold    . . .     Gourm    .   c - +0 shield
rNeg     + + .     Faith    .   b - +0 scale mail
rPois    ∞         Spirit   .   p - +0 helmet
rElec    +         Reflect  .   k - +0 cloak
rCorr    .         Harm     .   (no gloves)
MR       .....                  (no boots)
Stlth    ..........             (no amulet)
HPRegen  0.12/turn              l - +3 ring of strength
MPRegen  0.10/turn              m - ring of positive energy

@: no status effects
A: negative energy resistance 1, electricity resistance, unbreathing,
petrification resistance, rot immunity, AC +4
a: no special abilities


You were on level 4 of the Dungeon.
You were not hungry.

You visited 1 branch of the dungeon, and saw 4 of its levels.

You collected 210 gold pieces.
You spent 60 gold pieces at shops.

Inventory:

Hand Weapons
 a - a +0 flail (weapon)
Armour
 b - a +0 scale mail (worn)
 c - a +0 shield (worn)
 k - a +0 cloak (worn)
 p - a +0 helmet (worn)
 u - a +0 scale mail
Jewellery
 l - a +3 ring of strength (left hand)
 m - a ring of positive energy (right hand)
Wands
 t - a wand of clouds (5)
Scrolls
 g - 3 scrolls of identify
 h - a scroll of fog
 i - 2 scrolls of remove curse {unknown}
Potions
 d - a potion of might
 e - a potion of degeneration {unknown}
 j - a potion of agility {unknown}
 n - 2 potions of curing {unknown}
 o - a potion of mutation {unknown}
 q - a potion of invisibility {unknown}
 r - a potion of berserk rage {unknown}
 s - a potion of heal wounds
Comestibles
 f - 10 rations


   Skills:
 + Level 3.8 Fighting
 + Level 4.3 Maces & Flails
 + Level 4.5 Armour
 + Level 1.2 Dodging
 + Level 4.7 Shields


You had 5 spell levels left.
You didn't know any spells.

Dungeon Overview and Level Annotations

Branches:
Dungeon (4/15)
 Temple: D:4-7

Altars:
Nemelex Xobeh
Xom
The Shining One

Shops:
D:4 !


Innate Abilities, Weirdness & Mutations

You are resistant to torment.
Your stone body is resilient. (AC +4)
You are immune to poison.
You resist negative energy. (rN+)
You are resistant to electric shocks. (rElec)
You can survive without breathing.
You are immune to petrification.
You are immune to rotting.


Message History

The orc priest invokes the aid of Beogh against you.
Beogh smites you!
You barely miss the orc. Something hits you but does no damage.
You block the orc's attack. x2
The orc priest mumbles some strange prayers to Beogh against you.
Beogh smites you!
* * * LOW HITPOINT WARNING * * *
You hear some strange, mumbled words.
A puff of flame appears from out of thin air!
The puff of flame misses you.
The puff of flame hits the orc.
You barely miss the orc.
The orc is almost dead.
The orc completely misses you. Something hits you but does no damage.
You block the orc's attack. x2
Your shield and scale mail prevent you from hitting the orc.
The orc is almost dead.
Something hits you but does no damage.
The orc priest calls down the wrath of Beogh upon you.
Beogh smites you!
You die...

.##................
.##...#.#####..##....#
...##.................
............................
#......###..####..........
..#......###.[)#.#..........
.......(.##......#..........
######...o#o....##........#
#..ooo@._..+.........##
#....##{.....#........##
#...#..##.(....#........##
....##....##+##(...........
..... #.... #.##..........
..... ..... .............#.
.... .......................
...#..........#.####.#.
..##.....##.#.#.# #...


You could see 2 orc priests and 3 orcs.

Vanquished Creatures
  A phantom (D:4)
  A crimson imp (D:4)
  A hound (D:4)
  Ijyb (D:4)
  A worker ant (D:4)
  3 adders
  3 worms (D:2)
  3 dart slugs
  2 leopard geckos (D:2)
  5 orcs
  7 bats
  3 giant cockroaches
  5 goblins
  7 hobgoblins
  6 jackals
  10 kobolds
  4 quokkas (D:2)
  6 frilled lizards
  A goblin zombie (D:4)
  3 hobgoblin zombies (D:4)
  A jackal skeleton (D:4)
  2 kobold skeletons (D:4)
  A kobold zombie (D:4)
  2 orc skeletons (D:4)
  2 rats
  2 plants (D:2)
83 creatures vanquished.

Notes
Turn   | Place    | Note
-------+----------+-------------------------------------------
     0 | D:1      | Madoushi the Gargoyle Fighter began the quest for the Orb.
     0 | D:1      | Reached XP level 1. HP: 14/14 MP: 1/1
   345 | D:1      | Reached XP level 2. HP: 17/19 MP: 2/2
  1314 | D:2      | Reached XP level 3. HP: 17/23 MP: 3/3
  1821 | D:2      | Reached XP level 4. HP: 28/28 MP: 4/4
  2644 | D:3      | Found a shimmering altar of Xom.
  2899 | D:3      | Found a sparkling altar of Nemelex Xobeh.
  3040 | D:4      | Found Faabil's Distillery.
  3064 | D:4      | Bought a potion of heal wounds for 60 gold pieces
  3127 | D:4      | Reached XP level 5. HP: 26/33 MP: 5/5
  3208 | D:4      | Noticed Ijyb
  3247 | D:4      | Killed Ijyb
  3279 | D:4      | Found a glowing golden altar of the Shining One.
  3325 | D:4      | Reached skill level 1 in Dodging
  3332 | D:4      | Reached XP level 6. HP: 22/38 MP: 6/6
  3485 | D:4      | Noticed a phantom
  3575 | D:4      | Killed a phantom
  3581 | D:4      | Killed from afar by an orc priest

Skill      XL: |  1  2  3  4  5 |
---------------+----------------+-----
Maces & Flails | 3 4 |  4.3
Armour         | 4 |  4.5
Shields        | 4 |  4.7
Dodging        | 1 |  1.2
Fighting       | |  3.8

Action                   |  1- 3 |  4- 6 || total
-------------------------+-------+-------++-------
Melee: Flail             |   164 |   270 ||   434
  Use: Scroll            |     4 |       ||     4
  Eat: Chunk             |     3 |     3 ||     6
       Ration            |       |     1 ||     1
Armor: Scale mail        |    90 |   150 ||   240
Dodge: Dodged            |    51 |    84 ||   135
Block: Shield            |    91 |   147 ||   238
